 Dungeon Sprint DCSS version 0.24-a0-530-g18ba70b503 (webtiles) character file.

Game seed: 9546578337769099624

4686 DasRunzen the Protected (level 10, 0/90 HPs)
             Began as a Minotaur Fighter on Aug 9, 2019.
             Was a High Priest of Okawaru.
             Killed from afar by a lindwurm (17 damage)
             ... with a blast of flame
             ... in the Dungeon (Sprint IX: "|||||||||||||||||||||||||||||").
             The game lasted 00:03:18 (1467 turns).

DasRunzen the Protected (Minotaur Fighter)          Turns: 1467, Time: 00:03:18

Health: 0/90       AC: 12    Str: 27    XL:     10   Next: 21%
Magic:  16/16      EV: 10    Int:  5    God:    Okawaru [*****.]
Gold:   0          SH: 16    Dex: 13    Spells: 9/9 levels left

rFire    . . .     SeeInvis .   q - +2 scimitar (holy)
rCold    . . .     Gourm    .   c - +2 shield
rNeg     . . .     Faith    .   b - +0 scale mail
rPois    .         Spirit   .   (helmet restricted)
rElec    .         Reflect  .   (no cloak)
rCorr    .         Harm     .   v - +0 pair of gloves {archery}
MR       .....     NoTele   +   r - +0 pair of boots
Stlth    ..........             (no amulet)
HPRegen  0.25/turn              t - +3 ring of strength
MPRegen  0.15/turn              u - +3 ring of dexterity

@: no status effects
A: retaliatory headbutt, horns 2, frail 1, evolution 1
a: Heroism, Finesse, Renounce Religion


You were in the Dungeon.
You worshipped Okawaru.
Okawaru was extremely pleased with you.
You were very hungry.

You visited 1 branch

Inventory:

Hand Weapons
 a - a +0 long sword
 q - a +2 scimitar of holy wrath (weapon)
Armour
 b - a +0 scale mail (worn)
 c - a +2 shield (worn)
 r - a +0 pair of boots (worn)
 v - a +0 pair of gloves of archery (worn)
Jewellery
 t - a +3 ring of strength (left hand)
 u - a +3 ring of dexterity (right hand)
Wands
 g - a wand of paralysis (6)
 p - a wand of acid (10)
Scrolls
 k - 3 scrolls of blinking
 n - 5 scrolls of remove curse
 o - 2 scrolls of amnesia
 s - a scroll of fear
Potions
 d - 2 potions of might
 e - 6 potions of curing
 h - 3 potions of haste
 i - 4 potions of magic
 j - a potion of berserk rage
 l - a potion of invisibility
 m - 6 potions of heal wounds
Comestibles
 f - a ration


   Skills:
 + Level 13.3 Fighting
 + Level 13.1 Long Blades
 + Level 13.3 Armour
 + Level 13.3 Shields
 + Level 10.3 Invocations


You had 9 spell levels left.
You didn't know any spells.
Your spell library was empty.

Dungeon Overview and Level Annotations

Branches:
Dungeon (1/1)

Altars:
Cheibriados
Dithmenos
Elyvilon
Fedhas
Gozag
Hepliaklqana
Kikubaaqudgha
Makhleb
Nemelex Xobeh
Okawaru
Qazlal
Ru
Sif Muna
Trog
Uskayaw
Vehumet
Wu Jian
Xom
Yredelemnul
Zin
The Shining One
Beogh
Jiyva
Lugonu


Innate Abilities, Weirdness & Mutations

You reflexively headbutt those who attack you in melee.
You have a pair of horns on your head.
You are frail. (-10% HP)
You evolve.


Message History

You see here 5 curare-tipped darts.
The lindwurm breathes flames at you. The blast of flame hits you!!!
You slash the lindwurm!
You headbutt the lindwurm, but do no damage.
The lindwurm is moderately wounded.
The lindwurm bites you but does no damage.
The lindwurm claws you but does no damage.
You block the lindwurm's attack.
You hit the lindwurm but do no damage. You headbutt the lindwurm.
The lindwurm is moderately wounded.
The lindwurm bites you!
* * * LOW HITPOINT WARNING * * *
The lindwurm claws you but does no damage.
You block the lindwurm's attack.
You hit the lindwurm.
The lindwurm is moderately wounded.
The lindwurm breathes flames at you. The blast of flame hits you!
You die...

▓▓▓▓▓▓▓▓▓▓▓▓▓▓▓▓▓▓▓▓▓▓▓▓▓▓▓▓▓▓▓▓▓
......'.......(.@k..'.........÷..
▓▓▓▓▓▓▓▓▓▓▓▓▓▓▓▓▓▓▓▓▓▓▓▓▓▓▓▓▓▓▓▓▓
.................................
▓▓▓▓▓▓▓▓▓▓▓▓▓▓▓▓▓▓▓▓▓▓▓▓▓▓▓▓▓▓▓▓▓
...)....)÷.....'_________________
▓▓▓▓▓▓▓▓▓▓▓▓▓▓▓▓▓▓▓▓▓▓▓▓▓▓▓▓▓▓▓▓▓


You could see a lindwurm.

Vanquished Creatures
  A two-headed ogre (D)
  2 lindwurms (D)
  2 spiny frogs (D)
  A komodo dragon (D)
  2 blink frogs (D)
  A hippogriff (D)
  2 yaks (D)
  A basilisk (D)
  3 water moccasins (D)
  An orc warrior (D)
  A porcupine (D)
  A sky beast (D)
  An ogre (D)
  3 crocodiles (D)
  4 bullfrogs (D)
  A scorpion (D)
  A crimson imp (D)
  An orc wizard (D)
  A worker ant (D)
  An adder (D)
  A shadow imp (D)
  3 worms (D)
  A leopard gecko (D)
  An orc (D)
  A giant cockroach (D)
  A goblin (D)
  2 hobgoblins (D)
  A kobold (D)
  A jackal skeleton (D)
  A leopard gecko zombie (D)
  A quokka zombie (D)
45 creatures vanquished.

Notes
Turn   | Place    | Note
-------+----------+-------------------------------------------
     0 | D        | DasRunzen the Minotaur Fighter began the quest for the Orb.
     0 | D        | Reached XP level 1. HP: 19/19 MP: 0/0
    24 | D        | Noticed an orc wizard
    24 | D        | Noticed a crimson imp
    29 | D        | Reached XP level 2. HP: 19/28 MP: 1/1
    46 | D        | Reached skill level 5 in Fighting
    46 | D        | Reached skill level 5 in Armour
    46 | D        | Reached skill level 5 in Shields
    46 | D        | Reached XP level 3. HP: 4/36 MP: 2/2
    60 | D        | Reached skill level 5 in Long Blades
    60 | D        | Reached XP level 4. HP: 35/44 MP: 3/3
    69 | D        | Found a roughly hewn altar of Beogh.
    69 | D        | Found a snail-covered altar of Cheibriados.
    69 | D        | Found a shadowy altar of Dithmenos.
    69 | D        | Found a white marble altar of Elyvilon.
    69 | D        | Found a blossoming altar of Fedhas.
    69 | D        | Found an opulent altar of Gozag.
    70 | D        | Found a hazy altar of Hepliaklqana.
    71 | D        | Found a viscous altar of Jiyva.
    72 | D        | Found an ancient bone altar of Kikubaaqudgha.
    73 | D        | Found a corrupted altar of Lugonu.
    74 | D        | Found a burning altar of Makhleb.
    75 | D        | Found a sparkling altar of Nemelex Xobeh.
    76 | D        | Found an iron altar of Okawaru.
    77 | D        | Found a stormy altar of Qazlal.
    78 | D        | Found a sacrificial altar of Ru.
    79 | D        | Found a deep blue altar of Sif Muna.
    80 | D        | Found a bloodstained altar of Trog.
    81 | D        | Found a hide-covered altar of Uskayaw.
    82 | D        | Found a radiant altar of Vehumet.
    83 | D        | Found an ornate altar of the Wu Jian Council.
    84 | D        | Found a shimmering altar of Xom.
    86 | D        | Became a worshipper of Warmaster Okawaru
    88 | D        | Found a basalt altar of Yredelemnul.
    89 | D        | Found a glowing silver altar of Zin.
    90 | D        | Found a glowing golden altar of the Shining One.
   126 | D        | Noticed an orc warrior
   126 | D        | Noticed an ogre
   126 | D        | Noticed a bullfrog
   128 | D        | Killed an orc warrior
   128 | D        | Reached XP level 5. HP: 52/52 MP: 3/6
   134 | D        | Killed an ogre
   134 | D        | Reached * piety under Okawaru
   138 | D        | Reached XP level 6. HP: 54/61 MP: 4/8
   150 | D        | Noticed a two-headed ogre
   150 | D        | Noticed a sky beast
   150 | D        | Noticed a water moccasin
   155 | D        | Killed a two-headed ogre
   155 | D        | Reached ** piety under Okawaru
   155 | D        | Reached *** piety under Okawaru
   155 | D        | Reached skill level 10 in Fighting
   155 | D        | Reached skill level 10 in Armour
   155 | D        | Reached skill level 10 in Shields
   155 | D        | Reached XP level 7. HP: 61/72 MP: 6/11
   157 | D        | Reached XP level 8. HP: 68/79 MP: 6/12
   163 | D        | Reached skill level 10 in Long Blades
   499 | D        | Gained mutation: You are partially covered in yellow
                  | scales. (AC +2) [potion of mutation]
   499 | D        | Lost mutation: You are partially covered in yellow scales.
                  | (AC +2) [potion of mutation]
   499 | D        | Gained mutation: You evolve. [potion of mutation]
   525 | D        | Noticed a spiny frog
   525 | D        | Noticed a blink frog
   530 | D        | Killed a spiny frog
   530 | D        | Reached **** piety under Okawaru
   548 | D        | Reached XP level 9. HP: 36/89 MP: 14/14
   558 | D        | Reached ***** piety under Okawaru
   587 | D        | Gained mutation: You are frail. (-10% HP) [evolution]
   890 | D        | Noticed a spiny frog
   892 | D        | Noticed a komodo dragon
   914 | D        | Killed a spiny frog
   914 | D        | Received a gift from Okawaru
   926 | D        | Killed a komodo dragon
  1180 | D        | Noticed a lindwurm
  1180 | D        | Noticed a lindwurm
  1180 | D        | Noticed a lindwurm
  1189 | D        | Killed a lindwurm
  1189 | D        | Reached skill level 10 in Invocations
  1189 | D        | Reached XP level 10. HP: 65/90 MP: 13/16
  1189 | D        | Noticed a lindwurm
  1194 | D        | Killed a lindwurm
  1467 | D        | Killed from afar by a lindwurm

Levels and vault maps discovered:
D:        linesprint [early_d, line_temple, items_1, d_10, items_2, lair_1,
          lair_end, items_3, orc_1, orc_end, items_4, d_15, swamp_1, shoals_1,
          snake_1, spider_1, d_20, vaults_1, items_5, swamp_end, shoals_end,
          snake_end, spider_end, vaults_end, d_27, items_6, zot_1, zot_end,
          crypt_end, forest_end, elf_end, slime_end, tomb_end, abyss_end,
          pan_hell_end]

Skill      XL: |  1  2  3  4  5  6  7  8  9 10 |
---------------+-------------------------------+-----
Fighting       | 4 5 6 7 8 10 11 13 | 13.3
Armour         | 4 5 6 7 8 10 11 13 | 13.3
Shields        | 4 5 6 7 8 10 11 13 | 13.3
Long Blades    | 3 4 5 6 7 9 11 12 13 | 13.1
Invocations    | 2 4 6 8 10 | 10.3

Action                   |  1- 3 |  4- 6 |  7- 9 | 10-12 || total
-------------------------+-------+-------+-------+-------++-------
Melee: Long sword        |    44 |       |       |       ||    44
       Headbutt          |     5 |     4 |    28 |     5 ||    42
       Scimitar          |       |    20 |   117 |    13 ||   150
Invok: Heroism           |       |       |     1 |       ||     1
  Use: Potion            |     1 |       |     1 |       ||     2
       Scroll            |       |       |     2 |       ||     2
  Eat: Chunk             |       |       |     1 |       ||     1
Armor: Scale mail        |    26 |     2 |    22 |     5 ||    55
Dodge: Dodged            |     8 |     2 |    19 |     2 ||    31
Block: Shield            |    19 |    11 |    57 |     6 ||    93
       Rpst.: Long sword |     2 |       |       |       ||     2
       Scimitar          |       |       |     5 |       ||     5

Table legend:
 A = Non-vault XP
 B = Vault XP
 C = Vault XP percentage of total XP
 D = Non-vault monster count
 E = Vault monster count
 F = Vault count percentage of total count
                 A         B        C        D         E       F
            +---------+---------+-------+---------+---------+-------
      Total |       0 |    6695 | 100.0 |       0 |      45 | 100.0
            +---------+---------+-------+---------+---------+-------
          D |       0 |    6695 | 100.0 |       0 |      45 | 100.0
            +---------+---------+-------+---------+---------+-------
